 Dungeon Crawl Stone Soup version 0.28.0-53-g5a82cb258f (webtiles) character file.

Game seed: 498192743405432014

132 Ethylacetat the Shooter (level 5, -1/49 HPs)
             Began as a Naga Hunter on May 25, 2022.
             Slain by a black bear (4 damage)
             ... on level 4 of the Dungeon.
             The game lasted 00:18:03 (3688 turns).

Ethylacetat the Shooter (Naga Hunter)               Turns: 3688, Time: 00:18:04

Health: -1/49      AC:  3    Str: 14    XL:     5   Next: 15%
Magic:  5/5        EV:  9    Int: 11    God:
Gold:   161        SH:  0    Dex: 14    Spells: 4/4 levels left

rFire   + . .      SeeInvis +   b - +0 short sword
rCold   + . .      Faith    .   (no shield)
rNeg    . . .      Spirit   .   c - +0 leather armour
rPois   +          Reflect  .   (no helmet)
rElec   +          Harm     .   (no cloak)
rCorr   +          Rampage  .   (no gloves)
Will    .....                   (no barding)
Stlth   ++........              (no amulet)
HPRegen 0.16/turn               (no ring)
MPRegen 0.09/turn               (no ring)

@: brilliant, short of breath, resistant, very slow
A: AC +1, large, see invisible, deformed body, poison resistance, slowness 2,
spit poison 1, naga tail 1
a: Spit Poison


You were on level 4 of the Dungeon.
You visited 1 branch of the dungeon, and saw 4 of its levels.

You collected 161 gold pieces.

Inventory:

Hand Weapons
 a - a +1 shortbow
 b - a +0 short sword (weapon)
Missiles
 d - 54 arrows
Armour
 c - a +0 leather armour (worn)
Jewellery
 j - a ring of ice
Scrolls
 f - a scroll of vulnerability {unknown}
 h - a scroll of magic mapping {unknown}
 l - a scroll of enchant weapon {unknown}
 m - 2 scrolls of identify {unknown}
 o - a scroll of blinking {unknown}
 p - a scroll of teleportation {unknown}
Potions
 e - 3 potions of curing


   Skills:
 + Level 3.2 Fighting
 * Level 5.0 Bows
 - Level 1.7 Dodging
 - Level 2.0 Stealth


You had 4 spell levels left.
You didn't know any spells.
Your spell library contained the following spells:

 Spells                   Type           Power      Damage    Failure   Level
 Frozen Ramparts          Ice            0%         1d2       80%         3
 Ignite Poison            Fire/Tmut/Pois 0%         N/A       80%         3
 Mephitic Cloud           Conj/Pois/Air  0%         N/A       80%         3
 Ice Form                 Ice/Tmut       0%         N/A       99%         4
 Summon Ice Beast         Ice/Summ       0%         N/A       99%         4
 Freezing Cloud           Conj/Ice/Air   0%         6-21      100%        5


Dungeon Overview and Level Annotations

Branches:
Dungeon (4/15)
 Temple: D:4-7

Altars:
Vehumet

Shops:
D:1 [=

Annotations:
D:4 1 runed translucent door, jaiteiro's ghost, amateur DrWn


Innate Abilities, Weirdness & Mutations

Your serpentine skin is tough. (AC +1)
You have supernaturally acute eyesight. (SInv)
Armour fits poorly on your strangely shaped body.
Your system is resistant to poisons. (rPois)
You cover ground very slowly.
You can spit poison.
You have a snake-like lower body.


Message History

The black bear is moderately wounded.
The black bear bites you. The black bear barely misses you.
The black bear claws you but does no damage.
You hit the black bear.
The black bear is heavily wounded.
You have got your breath back.
The black bear bites you. The black bear claws you.
* * * LOW HITPOINT WARNING * * *
The black bear claws you.
* * * LOW HITPOINT WARNING * * *
You feel much better. The black bear barely misses you.
The black bear claws you but does no damage.
The black bear claws you.
Aiming: Spit Poison (1% risk of failure)
Press: ? - help, Shift-Dir - straight line, f/p - black bear
Aim: a black bear (heavily wounded, 70% to hit)
The splash of poison hits the black bear.
The black bear is poisoned.
The black bear is severely wounded.
The black bear closely misses you. The black bear claws you.
The black bear claws you but does no damage.
You barely miss the black bear.
The black bear is severely wounded.
The black bear goes berserk!
The black bear bites you! The black bear claws you.
* * * LOW HITPOINT WARNING * * *
The black bear claws you.
* * * LOW HITPOINT WARNING * * *
You feel much better. The black bear bites you!
The black bear closely misses you. The black bear claws you.
You hit the black bear but do no damage.
The black bear is severely wounded.
The black bear closely misses you. The black bear claws you.
* * * LOW HITPOINT WARNING * * *
The black bear claws you.
* * * LOW HITPOINT WARNING * * *
The black bear bites you.
* * * LOW HITPOINT WARNING * * *
The black bear claws you.
You die...

##### #.... #....
#.:.. ..... #....
..... #.... .....
#....#### #.... ###
#<...gh@# ... ...
###.###.##.# ........
#. #....#.#.#.#.#.#
#.#####..#.#...#.#.#
#........#.....#.#.#
#..###...#...#.#.#.#
#........#...#.#.#.###
##...#####...#.#.#)†..
#...'.......#.....##.


You could see a black bear (berserk, poisoned) and a goblin.

Vanquished Creatures
  5 adders
  An adder skeleton (D:2)
  2 worms
  2 dart slugs (D:2)
  2 orcs (D:3)
  7 ball pythons
  6 bats
  11 endoplasms
  4 goblins
  14 hobgoblins
  2 jackals (D:1)
  8 frilled lizards
  3 kobolds
  A rat (D:2)
68 creatures vanquished.

Vanquished Creatures (others)
  4 fungi (D:2)
  4 plants (D:2)
8 creatures vanquished.

Grand Total: 76 creatures vanquished

Notes
Turn   | Place    | Note
-------+----------+-------------------------------------------
     0 | D:1      | Ethylacetat the Naga Hunter began the quest for the Orb.
     0 | D:1      | Reached XP level 1. HP: 19/19 MP: 1/1
   376 | D:1      | Reached XP level 2. HP: 26/26 MP: 2/2
   841 | D:1      | Found Kaymmimp's Jewellery Boutique.
   929 | D:1      | Reached skill level 4 in Bows
  1103 | D:1      | Found Wyoppire's Antique Armour Boutique.
  1364 | D:2      | Reached XP level 3. HP: 33/33 MP: 3/3
  1926 | D:2      | Reached XP level 4. HP: 33/40 MP: 4/4
  2446 | D:2      | Found a faded altar of an unknown god.
  3161 | D:3      | Reached XP level 5. HP: 49/49 MP: 5/5
  3195 | D:3      | Reached skill level 5 in Bows
  3488 | D:4      | Found a radiant altar of Vehumet.
  3616 | D:4      | Found a runed translucent door.
  3617 | D:4      | Noticed jaiteiro's ghost (amateur DrWn)
  3663 | D:4      | Noticed a black bear
  3688 | D:4      | Slain by a black bear

Illustrated notes

Levels and vault maps discovered:
D:1:      minmay_arrival_four_houses, layout_basic, serial_shops, shop,
          nicolae_shop_behind_doors, minivault_5, columned_hall_lemuel
D:2:      layout_loops_ring, shapermc_ecumenical_altar_mp_urbaneastern,
          minmay_stone_trees_medium
D:3:      kennysheep_six_static_rooms, layout_basic
D:4:      layout_basic, mainiacjoe_overflow_alcove_1, gammafunk_ghost_grave

Skill      XL: |  1  2  3  4  5 |
---------------+----------------+-----
Stealth        | 2 |  2.0
Bows           | 4 5 |  5.0
Fighting       | 3 |  3.2
Dodging        | |  1.7

Action                   |  1- 3 |  4- 6 || total
-------------------------+-------+-------++-------
Melee: Short sword       |    38 |    73 ||   111
       Punch             |       |     2 ||     2
 Fire: Shortbow          |    11 |    13 ||    24
 Abil: Spit Poison       |    34 |    35 ||    69
  Use: Potion            |     1 |     7 ||     8
 Stab: Sleeping          |       |     3 ||     3
Armor: Leather armour    |     6 |    18 ||    24
Dodge: Dodged            |    16 |    59 ||    75
